[ AOE2 MATCH · #482425954 ]
UnrankedHuns vs Chinese
[ REPLAY ANALYSIS · EXTRACTED FROM THE RECORDED GAME ]
Feudal
19:17
Castle
25:33
Imperial
—
| APM avg | 23.4 |
| APM peak | 110 |
| eAPM avg | 12.0 |
| Villagers / military | 141 / 65 |
Focus
⚔️ 23.1% · 🌾 76.9%
Knight ×44 · Fishing Ship ×26 · Scorpion ×12 · Scout Cavalry ×6 · Mangonel ×3
Feudal
—
Castle
—
Imperial
—
| APM avg | 29.3 |
| APM peak | 83 |
| eAPM avg | 17.5 |
| Villagers / military | 128 / 120 |
Focus
⚔️ 35.7% · 🌾 64.3%
Archer ×63 · Spearman ×43 · Fire Lancer ×8 · Trebuchet (Packed) ×6
Feudal
15:34
Castle
23:48
Imperial
40:48
| APM avg | 25.8 |
| APM peak | 82 |
| eAPM avg | 11.8 |
| Villagers / military | 72 / 159 |
Focus
⚔️ 44.2% · 🌾 55.8%
Skirmisher ×63 · Spearman ×49 · Archer ×35 · Fishing Ship ×11 · Rattan Archer ×5 · Fire Galley ×4
Feudal
14:14
Castle
21:05
Imperial
41:42
| APM avg | 55.9 |
| APM peak | 105 |
| eAPM avg | 29.3 |
| Villagers / military | 124 / 136 |
Focus
⚔️ 21.9% · 🌾 78.1%
Knight ×105 · Fishing Ship ×26 · Skirmisher ×11 · Coustillier ×11 · Trebuchet (Packed) ×8 · Fire Galley ×1
Match map
Initial resources + every placement click. Lines = walls · curves = elevation contours. ◆ gold · ⬟ stone · ● berries · ✦ relic · ◌ wall gap
Your base· Open — unwalled flank
leon kenedy 770's base· Open — unwalled flank
Deano's base· Open — unwalled flank
Sir_ Arlan de Pennetry's base· Open — 3t gap
Smoothed initial terrain · ◌ = detected wall gap · hover for details
Inputs per minute
— Sir_Porromostro - - leon kenedy 770
Build order — Sir_Porromostro
First 150 of 312 actions detected
| 1:16 | Build | Town Center |
| 3:28 | Create | Villager (Male) |
| 3:29 | Create | Villager (Male) |
| 3:29 | Research | Loom |
| 3:29 | Research | Loom |
| 4:30 | Create | Villager (Male) |
| 4:46 | Create | Villager (Male) |
| 5:18 | Create | Villager (Male) |
| 5:53 | Create | Villager (Male) |
| 6:20 | Build | Dock |
| 8:07 | Create | Villager (Male) |
| 8:07 | Create | Villager (Male) |
| 8:44 | Create | Villager (Male) |
| 9:31 | Create | Villager (Male) |
| 9:59 | Create | Villager (Male) |
| 10:00 | Create | Villager (Male) |
| 10:01 | Create | Villager (Male) |
| 10:31 | Create | Fishing Ship |
| 10:31 | Create | Fishing Ship |
| 10:31 | Create | Fishing Ship |
| 10:32 | Create | Fishing Ship |
| 11:27 | Create | Villager (Male) |
| 11:35 | Create | Villager (Male) |
| 12:03 | Create | Villager (Male) |
| 12:24 | Build | Mill |
| 12:27 | Create | Villager (Male) |
| 13:05 | Create | Villager (Male) |
| 13:17 | Create | Villager (Male) |
| 13:17 | Create | Villager (Male) |
| 13:18 | Create | Villager (Male) |
| 13:22 | Build | Farm |
| 13:37 | Create | Fishing Ship |
| 13:51 | Build | Dock |
| 14:17 | Create | Villager (Male) |
| 14:29 | Create | Villager (Male) |
| 14:34 | Create | Fishing Ship |
| 14:47 | Create | Fishing Ship |
| 14:47 | Create | Fishing Ship |
| 14:48 | Create | Fishing Ship |
| 15:03 | Create | Villager (Male) |
| 15:15 | Build | Mining Camp |
| 15:40 | Create | Villager (Male) |
| 16:11 | Create | Villager (Male) |
| 16:28 | Create | Villager (Male) |
| 16:46 | Create | Fishing Ship |
| 17:07 | Research | Feudal Age |
| 17:56 | Build | Barracks |
| 18:11 | Create | Villager (Male) |
| 19:17 | Age | Feudal Age |
| 19:26 | Build | Mining Camp |
| 19:58 | Research | Wheelbarrow |
| 20:12 | Build | Stable |
| 20:20 | Create | Villager (Male) |
| 20:21 | Create | Villager (Male) |
| 20:21 | Create | Villager (Male) |
| 21:14 | Build | Farm |
| 21:14 | Build | Farm |
| 21:19 | Build | Farm |
| 21:20 | Build | Farm |
| 21:21 | Build | Farm |
| 21:21 | Build | Farm |
| 21:53 | Build | Blacksmith |
| 22:04 | Build | Market |
| 22:10 | Create | Villager (Male) |
| 22:32 | Build | Farm |
| 22:32 | Build | Farm |
| 22:33 | Build | Farm |
| 22:34 | Build | Farm |
| 22:35 | Build | Farm |
| 22:42 | Research | Castle Age |
| 23:21 | Create | Scout Cavalry |
| 23:21 | Create | Scout Cavalry |
| 23:22 | Create | Scout Cavalry |
| 23:26 | Research | Scale Barding Armor |
| 23:26 | Research | Forging |
| 23:36 | Create | Fishing Ship |
| 24:12 | Research | Bloodlines |
| 24:14 | Create | Scout Cavalry |
| 24:25 | Build | Dock |
| 25:33 | Age | Castle Age |
| 25:45 | Research | Hand Cart |
| 26:00 | Build | Town Center |
| 26:16 | Create | Scout Cavalry |
| 26:16 | Create | Scout Cavalry |
| 26:32 | Create | Fishing Ship |
| 26:32 | Create | Fishing Ship |
| 26:32 | Create | Fishing Ship |
| 26:37 | Create | Fishing Ship |
| 26:38 | Create | Fishing Ship |
| 26:47 | Research | Tech 906 |
| 26:53 | Create | Villager (Male) |
| 26:54 | Create | Villager (Male) |
| 26:54 | Create | Villager (Male) |
| 26:54 | Create | Villager (Male) |
| 27:03 | Build | Dock |
| 27:54 | Create | Villager (Male) |
| 27:55 | Create | Villager (Male) |
| 27:55 | Create | Villager (Male) |
| 28:01 | Research | Husbandry |
| 28:09 | Create | Fishing Ship |
| 28:09 | Create | Fishing Ship |
| 28:09 | Create | Fishing Ship |
| 28:10 | Create | Fishing Ship |
| 28:16 | Create | Villager (Male) |
| 28:16 | Create | Villager (Male) |
| 28:16 | Create | Villager (Male) |
| 28:16 | Create | Villager (Male) |
| 28:17 | Create | Villager (Male) |
| 28:29 | Build | Lumber Camp |
| 28:48 | Create | Villager (Male) |
| 28:48 | Create | Villager (Male) |
| 28:48 | Create | Villager (Male) |
| 29:01 | Research | Gold Mining |
| 29:05 | Research | Stone Mining |
| 29:18 | Research | Double-Bit Axe |
| 29:43 | Build | Farm |
| 30:40 | Build | Castle |
| 32:31 | Create | Villager (Male) |
| 32:31 | Create | Villager (Male) |
| 32:32 | Create | Villager (Male) |
| 32:32 | Create | Villager (Male) |
| 32:32 | Create | Villager (Male) |
| 32:32 | Create | Villager (Male) |
| 34:03 | Build | Siege Workshop |
| 34:13 | Build | Stable |
| 34:41 | Create | Mangonel |
| 34:42 | Create | Mangonel |
| 34:51 | Create | Villager (Male) |
| 34:51 | Create | Villager (Male) |
| 34:53 | Create | Villager (Male) |
| 34:53 | Create | Villager (Male) |
| 34:53 | Create | Villager (Male) |
| 34:56 | Create | Villager (Male) |
| 34:56 | Create | Villager (Male) |
| 34:56 | Create | Villager (Male) |
| 34:56 | Create | Villager (Male) |
| 34:57 | Create | Villager (Male) |
| 37:20 | Build | Stable |
| 37:23 | Build | Stable |
| 37:24 | Build | Stable |
| 37:26 | Build | Stable |
| 37:41 | Create | Villager (Male) |
| 37:41 | Create | Villager (Male) |
| 37:41 | Create | Villager (Male) |
| 37:42 | Create | Villager (Male) |
| 38:13 | Create | Villager (Male) |
| 38:13 | Create | Villager (Male) |
| 38:13 | Create | Villager (Male) |
| 38:14 | Create | Villager (Male) |
| 38:14 | Create | Villager (Male) |
Build order — leon kenedy 770
First 150 of 403 actions detected
| 1:18 | Build | Town Center |
| 1:26 | Build | House |
| 3:28 | Research | Loom |
| 3:28 | Research | Loom |
| 4:09 | Create | Villager (Male) |
| 4:09 | Create | Villager (Male) |
| 4:09 | Create | Villager (Male) |
| 4:43 | Create | Villager (Male) |
| 4:43 | Create | Villager (Male) |
| 4:43 | Create | Villager (Male) |
| 5:12 | Create | Villager (Male) |
| 5:12 | Create | Villager (Male) |
| 5:35 | Create | Villager (Male) |
| 5:35 | Create | Villager (Male) |
| 6:02 | Create | Villager (Male) |
| 6:03 | Create | Villager (Male) |
| 6:03 | Create | Villager (Male) |
| 6:27 | Create | Villager (Male) |
| 6:27 | Create | Villager (Male) |
| 6:43 | Create | Villager (Male) |
| 6:43 | Create | Villager (Male) |
| 6:43 | Create | Villager (Male) |
| 7:26 | Create | Villager (Male) |
| 7:27 | Create | Villager (Male) |
| 7:27 | Create | Villager (Male) |
| 7:27 | Create | Villager (Male) |
| 7:27 | Create | Villager (Male) |
| 7:52 | Create | Villager (Male) |
| 7:52 | Create | Villager (Male) |
| 8:18 | Create | Villager (Male) |
| 8:18 | Create | Villager (Male) |
| 8:18 | Create | Villager (Male) |
| 8:56 | Build | Mill |
| 9:27 | Create | Villager (Male) |
| 9:27 | Create | Villager (Male) |
| 9:27 | Create | Villager (Male) |
| 9:28 | Create | Villager (Male) |
| 9:28 | Create | Villager (Male) |
| 9:28 | Create | Villager (Male) |
| 9:44 | Build | House |
| 9:53 | Build | House |
| 11:10 | Build | Lumber Camp |
| 11:43 | Create | Villager (Male) |
| 11:43 | Create | Villager (Male) |
| 11:43 | Create | Villager (Male) |
| 11:44 | Create | Villager (Male) |
| 11:44 | Create | Villager (Male) |
| 11:44 | Create | Villager (Male) |
| 11:45 | Create | Villager (Male) |
| 13:41 | Research | Feudal Age |
| 14:19 | Build | Barracks |
| 14:21 | Build | House |
| 14:30 | Build | Palisade Wall |
| 14:34 | Build | Palisade Wall |
| 14:38 | Build | Palisade Wall |
| 15:08 | Build | Palisade Wall |
| 15:09 | Build | Palisade Wall |
| 15:10 | Build | Palisade Wall |
| 15:54 | Build | Palisade Wall |
| 16:03 | Build | Palisade Wall |
| 16:04 | Build | Palisade Wall |
| 16:09 | Build | Archery Range |
| 16:14 | Research | Double-Bit Axe |
| 16:30 | Build | House |
| 16:46 | Create | Villager (Male) |
| 16:47 | Create | Villager (Male) |
| 16:59 | Build | Market |
| 17:29 | Build | Farm |
| 17:29 | Build | Farm |
| 17:30 | Build | Farm |
| 17:31 | Build | Farm |
| 17:42 | Create | Villager (Male) |
| 17:42 | Create | Villager (Male) |
| 18:07 | Build | Farm |
| 18:08 | Build | Farm |
| 18:09 | Build | Farm |
| 18:18 | Research | Castle Age |
| 18:18 | Research | Castle Age |
| 18:18 | Research | Castle Age |
| 18:23 | Build | Farm |
| 18:40 | Build | House |
| 18:58 | Build | Blacksmith |
| 19:11 | Create | Archer |
| 19:11 | Create | Archer |
| 19:13 | Create | Archer |
| 19:15 | Create | Spearman |
| 19:16 | Create | Spearman |
| 19:48 | Research | Fletching |
| 19:55 | Build | Farm |
| 19:55 | Build | Farm |
| 20:05 | Build | Farm |
| 20:17 | Build | Farm |
| 20:18 | Build | Farm |
| 20:27 | Build | Farm |
| 20:33 | Build | Farm |
| 20:46 | Create | Villager (Male) |
| 20:46 | Create | Villager (Male) |
| 20:52 | Create | Archer |
| 20:56 | Create | Spearman |
| 21:15 | Build | House |
| 21:21 | Build | Palisade Gate |
| 21:25 | Build | House |
| 21:28 | Create | Villager (Male) |
| 21:52 | Build | Town Center |
| 22:00 | Research | Crossbowman (upgrade) |
| 22:17 | Build | Farm |
| 22:29 | Create | Villager (Male) |
| 22:40 | Build | Farm |
| 22:43 | Research | Bodkin Arrow |
| 22:46 | Create | Archer |
| 22:46 | Create | Archer |
| 22:54 | Create | Villager (Male) |
| 22:54 | Create | Villager (Male) |
| 22:58 | Create | Villager (Male) |
| 23:04 | Build | Farm |
| 23:14 | Research | Horse Collar |
| 23:14 | Research | Horse Collar |
| 23:14 | Research | Horse Collar |
| 23:20 | Create | Archer |
| 23:22 | Create | Archer |
| 23:38 | Build | Farm |
| 23:46 | Build | House |
| 23:47 | Build | House |
| 23:51 | Create | Archer |
| 24:06 | Create | Villager (Male) |
| 24:06 | Create | Villager (Male) |
| 24:09 | Create | Villager (Male) |
| 24:09 | Create | Villager (Male) |
| 24:17 | Build | Farm |
| 24:25 | Create | Fire Lancer |
| 24:26 | Create | Fire Lancer |
| 24:32 | Create | Fire Lancer |
| 24:39 | Research | Forging |
| 24:39 | Research | Forging |
| 24:39 | Research | Forging |
| 24:46 | Create | Villager (Male) |
| 24:50 | Create | Villager (Male) |
| 25:13 | Build | Farm |
| 25:15 | Build | Farm |
| 25:26 | Create | Villager (Male) |
| 25:27 | Create | Villager (Male) |
| 25:48 | Create | Villager (Male) |
| 25:51 | Create | Villager (Male) |
| 25:59 | Build | Mill |
| 26:00 | Build | Farm |
| 26:01 | Build | Farm |
| 26:09 | Build | Farm |
| 26:10 | Build | Farm |
| 26:16 | Create | Archer |
| 26:20 | Create | Fire Lancer |
Build order — Deano
First 150 of 367 actions detected
| 1:02 | Build | Town Center |
| 3:02 | Build | House |
| 3:27 | Build | Dock |
| 3:28 | Create | Villager (Male) |
| 3:28 | Create | Villager (Male) |
| 3:29 | Create | Villager (Male) |
| 4:03 | Create | Villager (Male) |
| 4:59 | Build | House |
| 5:05 | Build | House |
| 5:08 | Create | Villager (Male) |
| 5:37 | Create | Villager (Male) |
| 5:58 | Create | Villager (Male) |
| 6:27 | Create | Villager (Male) |
| 6:36 | Create | Fishing Ship |
| 6:54 | Create | Villager (Male) |
| 7:31 | Research | Loom |
| 7:32 | Create | Villager (Male) |
| 7:41 | Create | Fishing Ship |
| 7:55 | Create | Villager (Male) |
| 8:20 | Create | Villager (Male) |
| 8:25 | Create | Fishing Ship |
| 8:40 | Build | House |
| 8:47 | Create | Villager (Male) |
| 8:49 | Create | Fishing Ship |
| 9:15 | Build | House |
| 9:20 | Create | Villager (Male) |
| 9:25 | Create | Villager (Male) |
| 9:34 | Create | Fishing Ship |
| 9:51 | Build | Palisade Wall |
| 9:58 | Create | Villager (Male) |
| 10:00 | Create | Fishing Ship |
| 10:36 | Build | Mill |
| 10:38 | Create | Villager (Male) |
| 10:39 | Create | Villager (Male) |
| 10:49 | Create | Fishing Ship |
| 11:02 | Create | Villager (Male) |
| 11:30 | Create | Villager (Male) |
| 11:32 | Create | Villager (Male) |
| 12:04 | Create | Fishing Ship |
| 12:04 | Create | Fishing Ship |
| 12:19 | Build | House |
| 12:22 | Build | House |
| 12:37 | Create | Fishing Ship |
| 12:50 | Build | Lumber Camp |
| 13:24 | Research | Feudal Age |
| 14:24 | Build | Barracks |
| 14:33 | Build | Palisade Wall |
| 14:44 | Create | Fishing Ship |
| 15:00 | Build | House |
| 15:03 | Build | House |
| 15:04 | Build | House |
| 15:07 | Build | House |
| 15:12 | Create | Villager (Male) |
| 15:12 | Create | Villager (Male) |
| 15:17 | Build | Mining Camp |
| 15:34 | Age | Feudal Age |
| 15:49 | Build | Farm |
| 15:50 | Build | Farm |
| 15:50 | Build | Farm |
| 15:50 | Build | Farm |
| 15:50 | Build | Farm |
| 16:30 | Build | Archery Range |
| 17:10 | Create | Fire Galley |
| 17:24 | Create | Villager (Male) |
| 17:24 | Create | Villager (Male) |
| 17:27 | Create | Archer |
| 17:27 | Create | Archer |
| 17:27 | Create | Archer |
| 18:31 | Create | Fire Galley |
| 18:35 | Create | Archer |
| 18:52 | Build | Blacksmith |
| 18:55 | Create | Archer |
| 18:58 | Create | Villager (Male) |
| 18:58 | Create | Villager (Male) |
| 18:58 | Create | Villager (Male) |
| 18:59 | Create | Villager (Male) |
| 18:59 | Create | Villager (Male) |
| 19:13 | Research | Gold Mining |
| 19:17 | Research | Double-Bit Axe |
| 19:26 | Create | Fire Galley |
| 19:29 | Create | Archer |
| 19:40 | Research | Fletching |
| 20:05 | Build | Archery Range |
| 20:27 | Create | Galley |
| 20:49 | Create | Archer |
| 20:49 | Create | Archer |
| 21:03 | Build | Mining Camp |
| 21:08 | Research | Castle Age |
| 21:14 | Research | Padded Archer Armor |
| 21:20 | Create | Archer |
| 22:04 | Create | Archer |
| 22:04 | Create | Archer |
| 23:12 | Create | Archer |
| 23:12 | Create | Archer |
| 23:42 | Build | Gate |
| 23:48 | Age | Castle Age |
| 23:53 | Build | Stone Wall |
| 23:54 | Build | Stone Wall |
| 23:56 | Research | Crossbowman (upgrade) |
| 23:56 | Research | Thumb Ring |
| 23:57 | Create | Archer |
| 23:58 | Create | Archer |
| 23:59 | Create | Archer |
| 23:59 | Create | Archer |
| 24:13 | Build | Market |
| 24:25 | Build | University |
| 24:42 | Create | Fire Galley |
| 24:55 | Create | Archer |
| 24:55 | Create | Archer |
| 25:15 | Create | Villager (Male) |
| 25:16 | Create | Villager (Male) |
| 25:19 | Build | Town Center |
| 25:32 | Build | House |
| 25:33 | Build | House |
| 25:49 | Research | Bodkin Arrow |
| 26:10 | Create | Villager (Male) |
| 26:11 | Create | Villager (Male) |
| 26:11 | Create | Villager (Male) |
| 26:11 | Create | Villager (Male) |
| 26:15 | Research | Wheelbarrow |
| 26:15 | Create | Villager (Male) |
| 26:18 | Create | Villager (Male) |
| 26:32 | Build | House |
| 26:34 | Build | House |
| 26:35 | Build | House |
| 26:36 | Build | House |
| 26:48 | Create | Archer |
| 26:49 | Create | Archer |
| 26:49 | Create | Archer |
| 27:31 | Create | Archer |
| 27:31 | Create | Archer |
| 27:32 | Create | Archer |
| 27:32 | Create | Archer |
| 27:32 | Create | Archer |
| 27:59 | Create | Archer |
| 27:59 | Create | Archer |
| 28:31 | Research | Pikeman (upgrade) |
| 28:33 | Create | Spearman |
| 28:33 | Create | Spearman |
| 28:34 | Create | Spearman |
| 28:34 | Create | Spearman |
| 28:35 | Create | Spearman |
| 29:00 | Create | Archer |
| 29:01 | Create | Archer |
| 29:15 | Research | Squires |
| 29:16 | Create | Spearman |
| 29:21 | Build | Barracks |
| 29:26 | Build | Barracks |
| 29:30 | Research | Scale Mail Armor |
| 29:32 | Research | Forging |
Build order — Sir_ Arlan de Pennetry
First 150 of 454 actions detected
| 0:23 | Build | Town Center |
| 1:17 | Build | House |
| 2:35 | Build | Dock |
| 2:47 | Create | Villager (Male) |
| 2:47 | Create | Villager (Male) |
| 2:48 | Create | Villager (Male) |
| 3:02 | Create | Villager (Male) |
| 3:02 | Create | Villager (Male) |
| 3:50 | Create | Fishing Ship |
| 3:50 | Create | Fishing Ship |
| 4:35 | Create | Fishing Ship |
| 4:35 | Create | Fishing Ship |
| 5:03 | Create | Villager (Male) |
| 5:30 | Create | Villager (Male) |
| 5:35 | Build | House |
| 5:41 | Build | House |
| 5:57 | Research | Loom |
| 6:29 | Create | Villager (Male) |
| 6:29 | Create | Villager (Male) |
| 6:30 | Create | Villager (Male) |
| 6:30 | Create | Villager (Male) |
| 6:53 | Create | Fishing Ship |
| 6:53 | Create | Fishing Ship |
| 7:25 | Create | Villager (Male) |
| 7:26 | Create | Fishing Ship |
| 7:27 | Create | Fishing Ship |
| 7:56 | Create | Villager (Male) |
| 8:07 | Create | Fishing Ship |
| 8:07 | Create | Fishing Ship |
| 8:14 | Build | House |
| 8:43 | Create | Villager (Male) |
| 9:26 | Create | Villager (Male) |
| 9:38 | Build | Dock |
| 9:53 | Create | Villager (Male) |
| 10:19 | Create | Villager (Male) |
| 10:26 | Create | Fishing Ship |
| 10:33 | Build | House |
| 10:59 | Build | Lumber Camp |
| 11:33 | Build | House |
| 11:42 | Create | Fishing Ship |
| 11:57 | Build | House |
| 12:04 | Research | Feudal Age |
| 12:36 | Build | Dock |
| 12:52 | Build | Dock |
| 13:13 | Create | Fishing Ship |
| 13:19 | Create | Fishing Ship |
| 13:19 | Create | Fishing Ship |
| 13:31 | Create | Fishing Ship |
| 14:14 | Age | Feudal Age |
| 14:18 | Create | Fire Galley |
| 14:24 | Create | Villager (Male) |
| 14:24 | Create | Villager (Male) |
| 14:33 | Build | Mining Camp |
| 14:35 | Create | Villager (Male) |
| 14:48 | Build | Lumber Camp |
| 14:57 | Create | Fishing Ship |
| 15:08 | Build | Outpost |
| 15:41 | Build | Mill |
| 15:46 | Research | Town Watch |
| 15:50 | Create | Villager (Male) |
| 15:50 | Create | Villager (Male) |
| 15:50 | Create | Villager (Male) |
| 16:11 | Create | Fishing Ship |
| 16:11 | Create | Fishing Ship |
| 16:19 | Create | Villager (Male) |
| 16:55 | Build | Market |
| 17:18 | Research | Double-Bit Axe |
| 17:19 | Research | Double-Bit Axe |
| 17:34 | Build | Mining Camp |
| 17:37 | Create | Villager (Male) |
| 17:37 | Create | Villager (Male) |
| 17:56 | Create | Villager (Male) |
| 17:57 | Create | Villager (Male) |
| 18:01 | Build | Blacksmith |
| 18:25 | Research | Castle Age |
| 18:25 | Research | Castle Age |
| 18:28 | Research | Fletching |
| 19:02 | Research | Forging |
| 19:09 | Build | Barracks |
| 20:14 | Build | Stable |
| 20:14 | Build | Stable |
| 20:15 | Build | Stable |
| 20:27 | Build | Stable |
| 20:33 | Create | Villager (Male) |
| 20:33 | Create | Villager (Male) |
| 21:01 | Create | Fishing Ship |
| 21:05 | Age | Castle Age |
| 21:08 | Build | House |
| 21:08 | Build | House |
| 21:09 | Build | House |
| 21:09 | Build | House |
| 21:15 | Create | Knight |
| 21:26 | Create | Villager (Male) |
| 21:29 | Build | House |
| 21:30 | Build | House |
| 21:30 | Build | House |
| 21:46 | Build | Castle |
| 21:54 | Create | Villager (Male) |
| 21:54 | Create | Villager (Male) |
| 22:02 | Create | Knight |
| 22:02 | Create | Knight |
| 22:02 | Create | Knight |
| 22:02 | Create | Knight |
| 22:02 | Create | Knight |
| 22:35 | Create | Knight |
| 22:35 | Create | Knight |
| 22:37 | Create | Villager (Male) |
| 22:37 | Create | Villager (Male) |
| 22:49 | Create | Villager (Male) |
| 22:50 | Create | Villager (Male) |
| 23:04 | Create | Knight |
| 23:04 | Create | Knight |
| 23:05 | Create | Villager (Male) |
| 23:28 | Create | Knight |
| 23:48 | Create | Villager (Male) |
| 23:48 | Create | Villager (Male) |
| 24:00 | Build | Town Center |
| 24:07 | Create | Villager (Male) |
| 24:08 | Create | Villager (Male) |
| 24:13 | Create | Knight |
| 24:13 | Create | Knight |
| 24:26 | Create | Fishing Ship |
| 24:26 | Create | Fishing Ship |
| 24:45 | Build | Fish Trap |
| 24:47 | Build | Fish Trap |
| 24:59 | Create | Knight |
| 25:00 | Create | Knight |
| 25:14 | Create | Villager (Male) |
| 25:14 | Create | Villager (Male) |
| 25:35 | Create | Knight |
| 25:36 | Create | Knight |
| 25:38 | Create | Knight |
| 26:03 | Create | Villager (Male) |
| 26:03 | Create | Villager (Male) |
| 26:12 | Create | Coustillier |
| 26:12 | Create | Coustillier |
| 26:30 | Create | Fishing Ship |
| 26:31 | Create | Fishing Ship |
| 26:32 | Create | Fishing Ship |
| 26:43 | Build | Dock |
| 26:44 | Build | Dock |
| 26:47 | Build | Dock |
| 26:51 | Create | Villager (Male) |
| 26:58 | Research | Scale Barding Armor |
| 27:01 | Create | Knight |
| 27:01 | Create | Knight |
| 27:17 | Create | Knight |
| 27:18 | Create | Knight |
| 27:45 | Create | Knight |
| 27:45 | Create | Knight |
Match timeline
| 2:35 | Sir_ Arlan de Pennetry · first_building Dock |
| 3:27 | Deano · first_building Dock |
| 6:20 | Sir_Porromostro · first_building Dock |
| 9:51 | Deano · wall_segment Palisade Wall x1 |
| 14:14 | Sir_ Arlan de Pennetry · age_up feudal |
| 14:19 | leon kenedy 770 · first_building Barracks |
| 14:24 | Deano · first_building Barracks |
| 14:30 | leon kenedy 770 · wall_segment Palisade Wall x1 |
| 14:33 | Deano · wall_segment Palisade Wall x1 |
| 14:34 | leon kenedy 770 · wall_segment Palisade Wall x4 |
| 14:38 | leon kenedy 770 · wall_segment Palisade Wall x3 |
| 15:08 | leon kenedy 770 · wall_segment Palisade Wall x1 |
| 15:09 | leon kenedy 770 · wall_segment Palisade Wall x1 |
| 15:10 | leon kenedy 770 · wall_segment Palisade Wall x1 |
| 15:34 | Deano · age_up feudal |
| 15:54 | leon kenedy 770 · wall_segment Palisade Wall x6 |
| 16:03 | leon kenedy 770 · wall_segment Palisade Wall x11 |
| 16:04 | leon kenedy 770 · wall_segment Palisade Wall x3 |
| 16:09 | leon kenedy 770 · first_building Archery Range |
| 16:30 | Deano · first_building Archery Range |
| 17:56 | Sir_Porromostro · first_building Barracks |
| 19:09 | Sir_ Arlan de Pennetry · first_building Barracks |
| 19:17 | Sir_Porromostro · age_up feudal |
| 19:47 | leon kenedy 770 · first_market_buy 100 food |
| 20:12 | Sir_Porromostro · first_building Stable |
| 20:14 | Sir_ Arlan de Pennetry · first_building Stable |
| 20:21 | Sir_ Arlan de Pennetry · first_market_sell 100 food |
| 20:22 | Sir_ Arlan de Pennetry · first_market_buy 100 wood |
| 21:05 | Sir_ Arlan de Pennetry · age_up castle |
| 21:46 | Sir_ Arlan de Pennetry · first_building Castle |
| 23:48 | Deano · age_up castle |
| 23:53 | Deano · wall_segment Stone Wall x2 |
| 23:54 | Deano · wall_segment Stone Wall x1 |
| 25:33 | Sir_Porromostro · age_up castle |
| 30:40 | Sir_Porromostro · first_building Castle |
| 32:34 | Deano · first_building Castle |
| 33:29 | Sir_ Arlan de Pennetry · first_building Archery Range |
| 33:45 | leon kenedy 770 · first_building Castle |
| 34:03 | Sir_Porromostro · first_building Siege Workshop |
| 34:13 | leon kenedy 770 · first_market_sell 100 wood |
| 37:11 | Deano · first_market_buy 100 food |
| 37:21 | Deano · first_market_sell 100 wood |
| 40:48 | Deano · age_up imperial |
| 41:42 | Sir_ Arlan de Pennetry · age_up imperial |
| 42:29 | leon kenedy 770 · wall_segment Palisade Wall x1 |
| 45:56 | Sir_Porromostro · first_market_sell 100 wood |
| 50:56 | Sir_ Arlan de Pennetry · first_building Monastery |
| 53:33 | Sir_ Arlan de Pennetry · first_building Siege Workshop |
| 54:07 | leon kenedy 770 · resign |
[ AI ANALYSIS · 1 CREDIT ]
What really happened in this match?
Wolo.gg analyzes every decision: build order, eco, micro, common mistakes by bracket. Personalized analysis on WhatsApp or Discord in 30 seconds.
Civ guide
Huns
Perfil
Jugador #21751379